 Dungeon Crawl Stone Soup version 0.27-a0-323-gbd089401bb (webtiles) character file.

Game seed: 18242877704148625919

19 dinky3 the Cutter (level 2, 0/21 HPs)
             Began as an Octopode Monk on Feb 10, 2021.
             Killed by divine providence
             ... invoked by an orc priest
              (13 damage)
             ... on level 2 of the Dungeon.
             The game lasted 00:01:21 (526 turns).

dinky3 the Cutter (Octopode Monk)                    Turns: 526, Time: 00:01:22

Health: 0/21       AC:  1    Str: 10    XL:     2   Next: 75%
Magic:  2/2        EV: 14    Int: 12    God:
Gold:   11         SH:  0    Dex: 14    Spells: 1/1 levels left

rFire    . . .     SeeInvis .   b - +0 dagger
rCold    . . .     Faith    .   (no shield)
rNeg     + . .     Spirit   .   (helmet restricted)
rPois    .         Reflect  .   e - amulet of the acrobat
rElec    .         Harm     .   c - ring of positive energy
rCorr    .         Rampage  .   (no ring)
Will     .....                  (no ring)
Stlth    +++.......             (no ring)
HPRegen  0.07/turn              (no ring)
MPRegen  0.08/turn              (no ring)
                                (no ring)
                                (no ring)

@: no status effects
A: almost no armour, stealthy swim, amphibious, 8 rings, constrict 8, camouflage
1, gelatinous body 1
a: no special abilities


You were on level 2 of the Dungeon.
You visited 1 branch of the dungeon, and saw 2 of its levels.

You collected 11 gold pieces.

Inventory:

Hand Weapons
 a - a +0 short sword
 b - a +0 dagger (weapon)
Jewellery
 c - a ring of positive energy (left tentacle)
 e - an amulet of the acrobat (around mantle)
Scrolls
 d - a scroll of enchant armour {unknown}


   Skills:
 + Level 3.3 Fighting
 * Level 3.7 Short Blades
 - Level 3.0 Dodging
 - Level 2.6 Stealth


You had one spell level left.
You didn't know any spells.
Your spell library was empty.

Dungeon Overview and Level Annotations

Branches:
Dungeon (2/15)

Altars:


Innate Abilities, Weirdness & Mutations

You cannot wear most types of armour.
You are very stealthy in the water. (Stealth+)
You are amphibious.
You can wear up to eight rings at the same time.
You can use your tentacles to constrict eight enemies at once.
Your skin changes colour to match your surroundings (Stealth+).
Your rubbery body absorbs attacks. (AC +1, EV +1)


Message History

A hobgoblin and an orc come into view.
The hobgoblin shouts!
You hear a shout!
The orc shouts!
The orc wizard shouts!
An orc priest comes into view. It is wielding a +0 club.
The orc priest moves out of view.
The orc wizard casts a spell at you.
You are confused.
You see here a +0 short sword.
You bump into the rock wall.
You aren't carrying any potions.
Things that are here:
a +0 club; a goblin corpse You are too confused!
You feel less confused.
You aren't carrying any potions.
Things that are here:
a +0 club; a goblin corpse You aren't carrying any potions.
Unknown command.
You hit the orc wizard but do no damage.
Your grab misses the orc wizard.
The orc wizard hits you with a +0 dagger.
You hit the orc wizard but do no damage.
You grab the orc wizard. You squeeze the orc wizard.
The orc wizard is moderately wounded.
You constrict the orc wizard. The orc wizard misses you.
You barely miss the orc wizard.
The orc wizard is moderately wounded.
You constrict the orc wizard. The orc wizard barely misses you.
You hit the orc wizard.
The orc wizard is severely wounded.
You constrict the orc wizard, but do no damage.
The orc wizard points at you and mumbles some strange words.
The puff of flame hits you.
You hit the orc wizard but do no damage.
The orc wizard is severely wounded.
You constrict the orc wizard, but do no damage.
The orc priest invokes the aid of Beogh against you.
Beogh smites you!
Ouch! That really hurt!
You die...

########### #####
#.........# #....
#.........# #....
#.........###....
#................
######.######....
#.........†....
##########..........<...
#......@ogo..>..........
#.#######oo.............
###...............
#.....#.##########
#)....#.# #oo...#.#
#.....#.# o.....#
g.......


You could see an orc priest, an orc wizard, 2 orcs and a hobgoblin.

Vanquished Creatures
  An orc (D:2)
  2 bats (D:1)
  2 giant cockroaches
  2 goblins
  2 hobgoblins (D:1)
  4 jackals (D:1)
  A frilled lizard (D:2)
  A kobold (D:1)
15 creatures vanquished.

Notes
Turn   | Place    | Note
-------+----------+-------------------------------------------
     0 | D:1      | dinky3 the Octopode Monk began the quest for the Orb.
     0 | D:1      | Reached XP level 1. HP: 16/16 MP: 1/1
    90 | D:1      | Reached XP level 2. HP: 7/21 MP: 2/2
   526 | D:2      | Killed from afar by an orc priest

Illustrated notes

Levels and vault maps discovered:
D:1:      sevenhm_arrival_forest_fort_large_4, layout_basic,
          chequers_serial_rivers_small_3, corexii_item_surrounded_by_moat
D:2:      layout_basic, st_stairs_6, uniq_terence

Action                   || total
-------------------------++-------
Melee: Short sword       ||    26
       Constrict         ||    13
       Tentacles         ||     6
       Dagger            ||    19
 Stab: Sleeping          ||     4
Armor: Skin              ||     2
Dodge: Dodged            ||    32

Table legend: (Time is in decaauts)
 A = Elapsed time spent in this place.
 B = Non-inter-level travel time spent in this place.
 C = Inter-level travel time spent in this place.
 D = Time resting spent in this place.
 E = Time spent auto-exploring this place.
 F = Levels seen in this place.
 G = Mean time per level.
                   A        B        C        D        E       F      G
               +--------+--------+--------+--------+--------+-----+--------+
         Total |    519 |    519 |      0 |    213 |     92 |   2 |  259.5 |
       Dungeon |    519 |    519 |      0 |    213 |     92 |   2 |  259.5 |
               +--------+--------+--------+--------+--------+-----+--------+

Top non-repeatable levels by time:
     D:1: 461 daAuts
     D:2: 58 daAuts
